General information
- name: BNet
- type: Ladder team game (AT/RT)
- host: Battle.net
- saver: Blahsmack
map: SilverpineForest
- players: 6
- length: 66:05
- speed: Fast
- version: 1.21 W3XP
- replay type: Public
» download(205 KB)
Players
team 1 (loser)
WarSong_clan (
green | 15 APM | 964 actions | 64:12)
9 Blademaster
2 Wind Walk
3 Mirror Image
3 Critical Strike
1 Bladestorm
» actions
| Basic commands | 62 | |
| Build / train | 95 | |
| Enter build submenu | 26 | |
| Enter hero's abilities submenu | 10 | |
| Remove unit from queue | 2 | |
| Right click | 291 | |
| Select / deselect | 376 | |
| Use ability | 102 | |
964 total
» units
| Peon | 10 | |
| Grunt | 14 | |
| Shaman | 15 | |
| Tauren | 10 | |
| Goblin Shredder | 1 | |
| Goblin Zeppelin | 1 | |
| Wind Rider | 12 | |
| Troll Batrider | 4 | |
67 total
» upgrades
| Melee Weapons | 3 | |
| Berserker Strength | 1 | |
| Shaman Training | 2 | |
| Pulverize | 1 | |
| Armor | 1 | |
| Spiked Barricades | 1 | |
| Reinforced Defenses | 1 | |
10 total
» buildings
| Altar of Storms | 1 | |
| Orc Burrow | 9 | |
| War Mill | 2 | |
| Barracks | 1 | |
| Voodoo Lounge | 1 | |
| Stronghold | 1 | |
| Spirit Lodge | 1 | |
| Fortress | 1 | |
| Watch Tower | 2 | |
| Tauren Totem | 1 | |
| Beastiary | 4 | |
| Great Hall | 2 | |
26 total
» build order
00:05 Altar of Storms
00:09 Orc Burrow
01:03 War Mill
01:09 Barracks
02:09 Voodoo Lounge
02:34 Orc Burrow
03:44 Orc Burrow
04:42 Stronghold
07:57 Spirit Lodge
08:27 Orc Burrow
08:35 Fortress
09:38 Orc Burrow
09:42 Watch Tower
11:52 Tauren Totem
12:00 Orc Burrow
13:49 Watch Tower
21:59 Orc Burrow
22:03 Orc Burrow
39:37 Beastiary
40:52 Beastiary
41:01 Beastiary
41:06 Beastiary
41:27 Orc Burrow
45:56 War Mill
50:44 Great Hall
59:58 Great Hall
» items
| Circlet of Nobility | 1 | |
| Periapt of Vitality | 1 | |
| Healing Salve | 2 | |
4 total

»
tolmartyr (
blue | 27 APM | 1771 actions | 65:38)
5 Crypt Lord
2 Carrion Beetles
3 Spiked Carapace
» actions
| Assign group hotkey | 19 | |
| Basic commands | 7 | |
| Build / train | 89 | |
| Enter build submenu | 25 | |
| Enter hero's abilities submenu | 5 | |
| Remove unit from queue | 2 | |
| Right click | 795 | |
| Select / deselect | 412 | |
| Select group hotkey | 374 | |
| Use ability | 43 | |
1771 total
» units
| Acolyte | 3 | |
| Ghoul | 3 | |
| Crypt Fiend | 14 | |
| Abomination | 13 | |
| Obsidian Statue | 4 | |
| Meatwagon | 12 | |
| Goblin Zeppelin | 6 | |
| Goblin Shredder | 1 | |
56 total
» upgrades
| Creature Attack | 3 | |
| Creature Carapace | 3 | |
| Web | 1 | |
| Unholy Strength | 3 | |
| Unholy Armor | 3 | |
| Disease Cloud | 1 | |
14 total
» buildings
| Ziggurat | 12 | |
| Altar of Darkness | 1 | |
| Crypt | 1 | |
| Graveyard | 1 | |
| Nerubian Tower | 2 | |
| Spirit Tower | 6 | |
| Halls of the Dead | 1 | |
| Black Citadel | 1 | |
| Slaughterhouse | 2 | |
| Tomb of Relics | 1 | |
28 total
» build order
00:37 Ziggurat
00:42 Altar of Darkness
01:20 Crypt
01:51 Graveyard
02:18 Nerubian Tower
03:10 Ziggurat
03:19 Ziggurat
05:06 Spirit Tower
05:08 Spirit Tower
06:02 Halls of the Dead
08:57 Ziggurat
09:01 Black Citadel
09:05 Ziggurat
10:32 Nerubian Tower
10:38 Slaughterhouse
11:08 Slaughterhouse
15:21 Ziggurat
15:31 Ziggurat
15:34 Ziggurat
15:40 Ziggurat
15:55 Tomb of Relics
38:55 Spirit Tower
38:57 Spirit Tower
39:36 Ziggurat
40:03 Ziggurat
40:13 Ziggurat
41:11 Spirit Tower
47:42 Spirit Tower
» items
ancient_of_dawn (
yellow | 16 APM | 1080 actions | 65:31)
8 Death Knight
3 Unholy Aura
3 Death Coil
1 Animate Dead
1 Death Pact
» actions
| Assign group hotkey | 8 | |
| Basic commands | 7 | |
| Build / train | 117 | |
| ESC pressed | 7 | |
| Enter build submenu | 34 | |
| Enter hero's abilities submenu | 8 | |
| Give item / drop item | 4 | |
| Remove unit from queue | 33 | |
| Right click | 437 | |
| Select / deselect | 354 | |
| Select group hotkey | 30 | |
| Use ability | 41 | |
1080 total
» units
| Acolyte | 7 | |
| Ghoul | 7 | |
| Crypt Fiend | 2 | |
| Frost Wyrm | 35 | |
51 total
» upgrades
| Creature Carapace | 3 | |
| Creature Attack | 3 | |
| Freezing Breath | 1 | |
7 total
» buildings
| Altar of Darkness | 1 | |
| Ziggurat | 13 | |
| Crypt | 2 | |
| Graveyard | 1 | |
| Tomb of Relics | 1 | |
| Spirit Tower | 8 | |
| Halls of the Dead | 1 | |
| Sacrificial Pit | 1 | |
| Black Citadel | 1 | |
| Boneyard | 2 | |
| Necropolis | 1 | |
32 total
» build order
01:01 Altar of Darkness
01:08 Ziggurat
01:23 Crypt
02:10 Graveyard
02:37 Ziggurat
03:07 Ziggurat
03:15 Ziggurat
04:02 Tomb of Relics
04:06 Spirit Tower
04:28 Spirit Tower
04:50 Halls of the Dead
05:15 Ziggurat
06:17 Ziggurat
06:19 Spirit Tower
07:10 Ziggurat
07:17 Ziggurat
07:29 Sacrificial Pit
07:34 Black Citadel
07:51 Ziggurat
08:05 Spirit Tower
08:11 Spirit Tower
08:43 Ziggurat
08:52 Ziggurat
10:07 Boneyard
10:17 Boneyard
10:48 Spirit Tower
11:13 Spirit Tower
14:12 Ziggurat
14:24 Ziggurat
15:41 Spirit Tower
45:19 Necropolis
48:02 Crypt
» items
| Orb of Corruption | 3 | |
| Scroll of Town Portal | 1 | |
| Orb of Lightning | 1 | |
| Boots of Speed | 1 | |
| Scroll of Healing | 1 | |
7 total
team 2 (winner)
Blahsmack (
teal | 32 APM | 2137 actions | 66:05)
3 Blood Mage
2 Flame Strike
1 Siphon Mana
» actions
| Assign group hotkey | 2 | |
| Basic commands | 131 | |
| Build / train | 201 | |
| Enter build submenu | 70 | |
| Enter hero's abilities submenu | 3 | |
| Give item / drop item | 3 | |
| Remove unit from queue | 5 | |
| Right click | 742 | |
| Select / deselect | 623 | |
| Select group hotkey | 1 | |
| Use ability | 356 | |
2137 total
» units
| Peasant | 23 | |
| Goblin Zeppelin | 1 | |
| Goblin Shredder | 2 | |
| Sorceress | 2 | |
| Dragonhawk Rider | 12 | |
40 total
» upgrades
| Masonry | 3 | |
| Swords | 3 | |
| Armor | 3 | |
| Lumber Harvesting | 2 | |
| Magic Sentry | 1 | |
| Sorceress Training | 2 | |
| Cloud | 1 | |
| Animal War Training | 1 | |
| Fragmentation Shards | 1 | |
| Flare | 1 | |
18 total
» buildings
| Farm | 14 | |
| Altar of Kings | 1 | |
| Lumber Mill | 5 | |
| Arcane Vault | 2 | |
| Scout Tower | 128 | |
| Guard Tower | 86 | |
| Blacksmith | 1 | |
| Town Hall | 3 | |
| Keep | 3 | |
| Arcane Sanctum | 1 | |
| Castle | 2 | |
| Gryphon Aviary | 3 | |
| Barracks | 1 | |
| Workshop | 1 | |
| Cannon Tower | 3 | |
| Arcane Tower | 2 | |
256 total
» build order
00:22 Farm
00:33 Altar of Kings
00:44 Lumber Mill
00:53 Farm
01:04 Arcane Vault
01:40 Scout Tower
01:49 Scout Tower
02:10 Guard Tower
02:16 Guard Tower
02:39 Blacksmith
05:03 Town Hall
05:12 Scout Tower
05:13 Scout Tower
05:14 Scout Tower
05:16 Scout Tower
05:17 Scout Tower
05:18 Scout Tower
05:22 Scout Tower
05:23 Scout Tower
05:24 Scout Tower
05:28 Scout Tower
05:29 Scout Tower
05:30 Scout Tower
06:38 Guard Tower
06:41 Scout Tower
06:45 Scout Tower
06:46 Scout Tower
06:52 Scout Tower
06:53 Scout Tower
07:14 Keep
07:14 Keep
07:22 Guard Tower
07:22 Guard Tower
07:22 Guard Tower
07:36 Guard Tower
07:36 Guard Tower
07:41 Guard Tower
07:41 Guard Tower
07:41 Guard Tower
08:00 Lumber Mill
08:16 Guard Tower
08:16 Guard Tower
08:19 Guard Tower
08:19 Guard Tower
08:19 Guard Tower
08:36 Guard Tower
08:36 Guard Tower
08:36 Guard Tower
08:44 Guard Tower
08:44 Guard Tower
08:45 Guard Tower
08:56 Guard Tower
10:14 Arcane Sanctum
11:17 Castle
11:22 Gryphon Aviary
11:25 Farm
11:29 Farm
11:31 Farm
12:06 Farm
12:50 Gryphon Aviary
13:44 Lumber Mill
14:05 Barracks
16:56 Lumber Mill
18:14 Workshop
19:05 Cannon Tower
19:08 Guard Tower
19:09 Arcane Tower
19:46 Town Hall
19:51 Town Hall
21:06 Scout Tower
21:07 Scout Tower
21:11 Scout Tower
21:13 Scout Tower
21:14 Scout Tower
21:15 Scout Tower
21:18 Scout Tower
21:18 Scout Tower
21:19 Scout Tower
21:21 Scout Tower
21:21 Scout Tower
21:22 Scout Tower
21:32 Keep
21:55 Cannon Tower
21:56 Guard Tower
21:56 Guard Tower
22:13 Guard Tower
22:14 Guard Tower
22:16 Guard Tower
22:16 Guard Tower
22:17 Guard Tower
22:23 Scout Tower
22:24 Scout Tower
22:26 Scout Tower
22:27 Scout Tower
22:30 Scout Tower
22:31 Scout Tower
22:34 Scout Tower
22:35 Scout Tower
22:35 Scout Tower
22:36 Scout Tower
22:38 Scout Tower
22:39 Scout Tower
23:11 Guard Tower
23:12 Guard Tower
23:15 Guard Tower
23:16 Guard Tower
23:36 Gryphon Aviary
23:57 Arcane Vault
24:03 Guard Tower
24:03 Guard Tower
24:03 Guard Tower
24:06 Guard Tower
24:19 Guard Tower
24:27 Scout Tower
24:28 Scout Tower
24:29 Scout Tower
24:30 Scout Tower
24:31 Scout Tower
24:35 Scout Tower
24:47 Lumber Mill
24:56 Castle
25:32 Guard Tower
26:06 Guard Tower
26:07 Guard Tower
26:23 Farm
26:28 Farm
26:29 Farm
26:30 Farm
26:31 Farm
26:51 Scout Tower
26:52 Scout Tower
26:53 Scout Tower
26:55 Scout Tower
26:56 Scout Tower
26:58 Scout Tower
27:01 Scout Tower
27:03 Scout Tower
27:06 Scout Tower
27:16 Scout Tower
27:17 Scout Tower
27:31 Scout Tower
27:33 Scout Tower
27:34 Scout Tower
27:34 Scout Tower
27:37 Scout Tower
27:37 Scout Tower
27:38 Scout Tower
27:39 Scout Tower
27:58 Farm
27:59 Farm
28:10 Guard Tower
28:26 Scout Tower
28:29 Guard Tower
28:29 Guard Tower
28:34 Guard Tower
29:07 Guard Tower
29:13 Scout Tower
29:24 Guard Tower
29:52 Scout Tower
30:00 Scout Tower
30:08 Guard Tower
30:37 Scout Tower
30:39 Scout Tower
30:43 Scout Tower
30:49 Guard Tower
30:53 Cannon Tower
31:29 Guard Tower
32:13 Scout Tower
32:14 Scout Tower
32:49 Guard Tower
32:52 Scout Tower
32:57 Scout Tower
32:57 Scout Tower
32:58 Scout Tower
32:59 Scout Tower
33:07 Scout Tower
33:11 Scout Tower
33:15 Scout Tower
33:19 Scout Tower
33:25 Scout Tower
33:27 Scout Tower
33:28 Scout Tower
33:32 Guard Tower
33:32 Guard Tower
34:08 Guard Tower
34:18 Guard Tower
34:21 Scout Tower
34:22 Scout Tower
34:23 Scout Tower
34:24 Scout Tower
34:25 Scout Tower
34:26 Scout Tower
34:27 Scout Tower
34:29 Scout Tower
34:30 Scout Tower
34:35 Guard Tower
34:41 Scout Tower
34:43 Scout Tower
34:44 Scout Tower
34:46 Scout Tower
34:47 Scout Tower
34:48 Scout Tower
34:48 Scout Tower
34:50 Scout Tower
34:51 Scout Tower
34:52 Scout Tower
34:54 Scout Tower
34:55 Scout Tower
34:56 Scout Tower
34:59 Scout Tower
35:10 Guard Tower
35:34 Guard Tower
35:36 Guard Tower
35:47 Guard Tower
36:09 Guard Tower
36:11 Guard Tower
36:17 Scout Tower
36:18 Scout Tower
36:31 Guard Tower
36:37 Scout Tower
36:38 Scout Tower
36:38 Scout Tower
36:42 Guard Tower
36:48 Guard Tower
36:52 Scout Tower
36:53 Scout Tower
36:54 Scout Tower
37:13 Guard Tower
37:13 Guard Tower
37:24 Guard Tower
37:27 Scout Tower
37:29 Scout Tower
37:31 Scout Tower
37:34 Scout Tower
37:38 Scout Tower
37:39 Scout Tower
38:12 Guard Tower
38:24 Guard Tower
38:24 Guard Tower
39:42 Guard Tower
39:43 Guard Tower
39:46 Scout Tower
39:48 Scout Tower
40:48 Guard Tower
44:01 Farm
45:25 Guard Tower
45:25 Guard Tower
49:05 Arcane Tower
» items
| Potion of Mana | 3 | |
| Ivory Tower | 30 | |
| Staff of Teleportation | 1 | |
| Scroll of Regeneration | 1 | |
| Potion of Healing | 1 | |
| Orb of Fire | 1 | |
| Scroll of Town Portal | 1 | |
38 total

»
UnHolyAtonement (
orange | 33 APM | 666 actions | 19:53)
4 Shadow Hunter
2 Healing Wave
2 Hex
4 Tauren Chieftain
2 Endurance Aura
2 War Stomp
2 Goblin Alchemist
1 Healing Spray
1 Acid Bomb
» actions
| Build / train | 58 | |
| Enter build submenu | 15 | |
| Enter hero's abilities submenu | 10 | |
| Give item / drop item | 1 | |
| Right click | 249 | |
| Select / deselect | 282 | |
| Use ability | 51 | |
666 total
» units
» upgrades
| Melee Weapons | 3 | |
| Armor | 3 | |
| Spiked Barricades | 1 | |
| Berserker Strength | 1 | |
| Pulverize | 1 | |
9 total
» buildings
| Altar of Storms | 1 | |
| Orc Burrow | 8 | |
| Barracks | 1 | |
| War Mill | 1 | |
| Stronghold | 1 | |
| Fortress | 1 | |
| Tauren Totem | 2 | |
| Great Hall | 1 | |
16 total
» build order
00:05 Altar of Storms
00:11 Orc Burrow
00:44 Barracks
01:34 War Mill
01:57 Orc Burrow
03:31 Orc Burrow
04:34 Stronghold
04:48 Orc Burrow
07:07 Fortress
08:02 Orc Burrow
09:35 Tauren Totem
09:47 Tauren Totem
10:10 Great Hall
11:11 Orc Burrow
11:17 Orc Burrow
17:27 Orc Burrow
» items
| Cloak of Shadows | 1 | |
| Ring of Protection +3 | 1 | |
| Khadgar's Pipe of Insight | 1 | |
3 total
xmashiba (
red | 21 APM | 519 actions | 24:38)
4 Paladin
2 Holy Light
2 Divine Shield
» actions
| Build / train | 67 | |
| Enter build submenu | 20 | |
| Enter hero's abilities submenu | 4 | |
| Give item / drop item | 1 | |
| Remove unit from queue | 1 | |
| Right click | 180 | |
| Select / deselect | 217 | |
| Use ability | 29 | |
519 total
» units
| Peasant | 11 | |
| Footman | 4 | |
| Rifleman | 25 | |
| Siege Engine | 10 | |
50 total
» upgrades
| Gunpowder | 3 | |
| Long Rifles | 1 | |
| Lumber Harvesting | 2 | |
| Barrage | 1 | |
7 total
» buildings
| Altar of Kings | 1 | |
| Farm | 6 | |
| Lumber Mill | 2 | |
| Barracks | 2 | |
| Keep | 1 | |
| Blacksmith | 1 | |
| Workshop | 1 | |
| Castle | 1 | |
| Scout Tower | 2 | |
| Cannon Tower | 2 | |
| Town Hall | 1 | |
| Arcane Vault | 1 | |
21 total
» build order
00:09 Altar of Kings
00:14 Farm
01:10 Lumber Mill
01:18 Lumber Mill
01:25 Farm
01:38 Barracks
02:14 Farm
03:26 Farm
04:28 Farm
05:11 Keep
05:20 Blacksmith
07:54 Workshop
08:09 Castle
09:08 Farm
09:55 Scout Tower
10:56 Cannon Tower
12:58 Town Hall
15:19 Arcane Vault
18:06 Scout Tower
20:19 Cannon Tower
21:42 Barracks
Chat log
(01:04 / Allies) UnHolyAtonement: plan?
(01:55 / Allies) xmashiba: no rush
(03:01 / Allies) UnHolyAtonement: units?
(03:18 / Allies) xmashiba: ill be rifleman
(03:32 / Allies) xmashiba: all range dudes
(03:37 / Allies) UnHolyAtonement: k
(03:41 / Allies) UnHolyAtonement: i got melee tauren
(03:45 / Allies) xmashiba: kk
(15:42 / Allies) xmashiba: i need that ring
(15:48 / Allies) UnHolyAtonement: k
(15:59 / Allies) xmashiba: ty
(18:14 / All) tolmartyr: COME
(18:30 / Allies) xmashiba: coming
(19:22 / All) ancient_of_dawn: dont mess with us
(36:34 / All) tolmartyr: just leave idiot
(36:45 / All) Blahsmack: or else what
(36:56 / All) tolmartyr: whats the point???
(38:35 / All) Blahsmack: welcome
(38:48 / All) Blahsmack: to my worls
(39:46 / All) ancient_of_dawn: the forbiden kingdom lol
(39:51 / All) Blahsmack: yes
(39:52 / All) tolmartyr: zzzz
(40:14 / All) WarSong_clan: teal that is either really smart or really weird lol
(40:23 / All) Blahsmack: all of the planets in the solar system are your except TITAN attempt no landing there
(40:25 / All) WarSong_clan: who would build a base up in the mountians
(41:40 / All) WarSong_clan: teal what lvl are you lol
(42:01 / All) Blahsmack: level 4
(42:05 / All) Blahsmack: feed me
(42:06 / All) Blahsmack: wyrms
(42:10 / All) Blahsmack: they are very tasty
(42:17 / All) ancient_of_dawn: fuck u teal
(42:18 / All) Blahsmack: and nutritious
(45:00 / All) Blahsmack: i usually tower like this in arranged team
(45:11 / All) Blahsmack: check out highper.ch for similair replays
(45:14 / All) tolmartyr: you are a boring tit teal
(45:18 / All) Blahsmack: www.highper.ch
(45:31 / All) tolmartyr: www.boringtit
(45:41 / All) Blahsmack: real website
(45:49 / All) Blahsmack: real website highper/ch
(45:53 / All) Blahsmack: highper.ch
(46:01 / All) Blahsmack: www.highper.ch
(48:23 / All) ancient_of_dawn: im not makin wyrm fool
(48:31 / All) Blahsmack: feed me a stray wyrm
(48:44 / All) Blahsmack: FEEED
(48:45 / All) Blahsmack: MEEEEE
(49:07 / All) ancient_of_dawn: just die
(50:31 / All) Blahsmack: yup
(50:37 / All) Blahsmack: my cozy lil village town
(50:50 / All) tolmartyr: just fuk off u boring shit
(50:53 / All) Blahsmack: :)
(51:02 / All) Blahsmack: angry much?
(51:08 / All) Blahsmack: not broing i anger you dont i
(51:23 / All) Blahsmack: you are stuggling with the thught and the fact you might have lost
(51:26 / All) Blahsmack: a 3v1
(51:30 / All) Blahsmack: and feel like a fool
(51:32 / All) Blahsmack: dont you
(51:36 / All) Blahsmack: its okay
(51:42 / All) ancient_of_dawn: ur not a fool ur a retard
(51:45 / All) Blahsmack: its the reaction i was going for
(51:47 / All) Blahsmack: anger
(51:51 / All) Blahsmack: and indignation
(51:54 / All) tolmartyr: i don't care if I lose U r still one boring shit
(51:56 / All) Blahsmack: is what i want
(51:58 / All) Blahsmack: from you
(52:09 / All) Blahsmack: i feed on frustration
(52:27 / All) tolmartyr: so u can't win otherwise???
(52:32 / All) Blahsmack: i cant
(52:37 / All) Blahsmack: this way its fun for me
(52:41 / All) tolmartyr: what afuking loser
(52:51 / All) WarSong_clan: teal you have no life
(52:55 / All) Blahsmack: i can win any way i want to
(53:00 / All) Blahsmack: i just chose this way
(53:12 / All) Blahsmack: much like all probelsm in life most are choices
(53:23 / All) ancient_of_dawn: dude shut up
(53:30 / All) tolmartyr: you talk too much u need to get out more
(53:39 / All) ancient_of_dawn: like right now
(53:41 / All) Blahsmack: how old are you nubs
(53:48 / All) Blahsmack: 15?
(53:52 / All) Blahsmack: 16?
(53:53 / All) ancient_of_dawn: im nine
(53:56 / All) Blahsmack: no
(53:59 / All) WarSong_clan: lol
(54:01 / All) Blahsmack: youre a some dumb teenager
(54:03 / All) Blahsmack: with pimples
(54:08 / All) Blahsmack: and greasy hair
(54:11 / All) Blahsmack: maybe your fat?
(54:23 / All) Blahsmack: so whens the last time youve seen your dick fatty?
(56:07 / All) Blahsmack: andy worhol looks so strange
(56:10 / All) Blahsmack: hanging on my wall
(57:34 / All) Blahsmack: remebr landings
(57:40 / All) Blahsmack: are diffacult
(57:46 / All) Blahsmack: much like the moon titan
(57:53 / All) Blahsmack: with its unstable gravity
(58:32 / All) WarSong_clan: teal is just a stuck up mamas boy fat ass no life slut who sucks his mom's nine and is a dumb bitch
(58:45 / All) Blahsmack: anrgy
(58:48 / All) Blahsmack: at video games
(58:50 / All) Blahsmack: much?
(58:53 / All) WarSong_clan: i approve the message
(59:00 / All) WarSong_clan: no
(59:44 / All) WarSong_clan: im not angry..........yet and im going to stand here until your ass is off this fucking game
(60:54 / All) Blahsmack: pro yellow
(60:56 / All) Blahsmack: real pro
(61:01 / All) ancient_of_dawn: haha
(61:02 / All) Blahsmack: how so pro
(61:10 / All) Blahsmack: can i get lessons
(61:14 / All) Blahsmack: how much you charge yellow
(61:15 / All) WarSong_clan: your the biggest bitch ive heaqrd
(61:16 / All) Blahsmack: for lessons
(61:18 / All) WarSong_clan: of
(61:24 / All) Blahsmack: angry much green
(61:28 / All) Blahsmack: you fucking nerd
(61:34 / All) Blahsmack: angry at video games much
(62:09 / All) WarSong_clan: how much teal you pay for blow jobs a day?
(62:21 / All) Blahsmack: i pay to get blow jobs?
(62:25 / All) Blahsmack: ok 2 cents
(62:28 / All) Blahsmack: and i get blowed
(62:32 / All) Blahsmack: by your whore of a mother
(62:34 / All) Blahsmack: green
(62:39 / All) ancient_of_dawn: could u two stop?
(62:39 / All) Blahsmack: youre sucha stupid fuck
(63:15 / All) WarSong_clan: HA HA HA HHA HA HA HA THATS FUNNY
(63:20 / All) Blahsmack: it is
(63:21 / All) ancient_of_dawn: dude
(63:28 / All) Blahsmack: becuase you intended to insult me
(63:31 / All) Blahsmack: but failed
(63:33 / All) Blahsmack: horribly
(63:42 / All) Blahsmack: you said i recive blow jobs
(63:46 / All) WarSong_clan: YOUR NEW NAME IS ASS LICK SPERM THE 3RD
(63:55 / All) Blahsmack: jesus christ green
(64:03 / All) Blahsmack: thank god its just the internet
(64:12 / All) ancient_of_dawn: ok man
(64:16 / All) Blahsmack: www.higper.ch
(64:20 / All) Blahsmack: for this replay
(64:22 / All) Blahsmack: and more
(64:35 / All) Blahsmack: real warcraft 3 site dedicated to tower craft